Map: Blackpink LE

Players

SSohN - Winner!

  • Race: Terran Terran
  • League: Master
  • Spawn Location: 7:00

Methodape

  • Race: Terran Terran
  • League: Master
  • Spawn Location: 1:00

VOD

Have the link to the VOD?

Description

Time

  • Played on: Jan. 3, 2018, 5:43 p.m.
  • Length: 5:02
Show
View Real Time Build Order
Export as new Build Order

SSohN Terran - Winner!

Build Orders:  

Get SALT Encoding   

  12  0:00  SCV  
  13  0:13  SCV  
  14  0:18  Supply Depot  
  14  0:25  SCV  
  15  0:30  Refinery  
  15  0:39  SCV  
  16  0:49  Barracks  
  16  0:52  SCV  
  17  0:58  Refinery  
  17  1:04  SCV  
  18  1:16  SCV  
  19  1:35  Orbital Command  
  19  1:40  Ghost Academy  
  19  1:50  Barracks Tech Lab  
  19  1:57  Supply Depot  
  19  2:03  SCV  
  20  2:08  Ghost  
  23  2:15  SCV  
  23  2:21  Factory  
  22  2:33  SCV  
  23  2:37  Ghost  
  25  3:10  Ghost  
  25  3:11  Cyclone  
  25  3:12  SCV  
  31  3:14  Supply Depot  
  29  3:25  SCV  
  30  3:37  SCV  
  29  3:53  SCV  
  30  3:57  Starport, Supply Depot  
  30  4:05  SCV  
  31  4:10  Command Center  
  31  4:12  Barracks  
  29  4:18  SCV  
  33  4:45  Starport Tech Lab, SCV  
  33  4:48  Engineering Bay  
  32  5:00  Barracks Tech Lab  
Show
View Real Time Build Order
Export as new Build Order

Methodape Terran 

Build Orders: Cyclone Opening 

Get SALT Encoding   

  12  0:01  SCV  
  13  0:13  SCV  
  14  0:17  Supply Depot  
  14  0:25  SCV  
  15  0:33  Refinery  
  15  0:39  SCV  
  16  0:47  Barracks  
  16  0:51  SCV  
  16  0:56  Refinery  
  17  1:03  SCV  
  18  1:15  SCV  
  19  1:34  Orbital Command  
  19  1:35  Reaper  
  19  1:38  Factory  
  20  2:04  Supply Depot  
  20  2:11  Reaper  
  20  2:14  SCV  
  22  2:26  Cyclone  
  25  2:33  Starport  
  25  2:39  SCV  
  25  2:49  Engineering Bay  
  21  2:58  SCV  
  20  3:18  Starport Tech Lab  
  19  3:22  Cyclone  
  18  3:43  SCV  
  14  4:16  SCV  
  12  4:28  SCV  
Tags
 
Matchup
TvT
Race
Terran
Spawn Locations
Cross Positions
Add a new tag
Caveats
  • Supply blocks, unpowered buildings, or Contaminate may cause inaccurate times.
  • Supply counts are checked every 10 seconds.